 Dungeon Crawl Stone Soup version 0.30-b1-2-g02819fbbbe (webtiles) character file.

Game seed: 4349112367281183279

37062 LLlMATKO the Fighter (level 13, 0/187 HPs)
             Began as a Minotaur Berserker on June 30, 2023.
             Was a High Priest of Trog.
             Slain by a skyshark (10 damage)
             ... on level 5 of the Lair of Beasts.
             The game lasted 00:17:08 (17672 turns).

LLlMATKO the Fighter (Minotaur Berserker)          Turns: 17672, Time: 00:17:09

Health: 0/187      AC: 19    Str: 26    XL:     13   Next: 56%
Magic:  12/12      EV: 12    Int:  4    God:    Trog [*****.]
Gold:   1015       SH:  0    Dex: 11    Spells: 12/12 levels left

rFire   . . .        R - +5 executioner's axe (flame)
rCold   . . .        (shield currently unavailable)
rNeg    . . .        z - +0 plate armour
rPois   .            (helmet restricted)
rElec   .            k - scarf {repulsion}
rCorr   .            P - +0 pair of gloves
SInv    +            m - +0 pair of boots
Will    .....        (no amulet) Stlth
                     A - ring of see invisible
HPRegen 0.51/turn    E - ring of flight
MPRegen 0.13/turn

%: repel missiles
@: berserking, flying, very quick
A: horns 2, retaliatory headbutt
a: Renounce Religion, Berserk, Trog's Hand, Brothers in Arms


You were on level 5 of the Lair of Beasts.
You worshipped Trog.
Trog was extremely pleased with you.
You visited 2 branches of the dungeon, and saw 16 of its levels.

You collected 1015 gold pieces.

Inventory:

Hand Weapons
 R - a +5 executioner's axe of flaming (weapon)
 U - a +0 broad axe
Missiles
 p - 28 poisoned darts (quivered)
 u - 4 curare-tipped darts
 I - a throwing net
Armour
 k - a scarf of repulsion (worn)
 m - a +0 pair of boots (worn)
 z - a +0 plate armour (worn)
 P - a +0 pair of gloves (worn)
Jewellery
 A - a ring of see invisible (left hand)
 E - a ring of flight (right hand)
 N - a +6 ring of dexterity
 Q - a ring of protection from cold
Wands
 x - a wand of paralysis (7)
 D - a wand of polymorph (14)
 H - a wand of digging (5)
 J - a wand of roots (4)
Scrolls
 d - 17 scrolls of identify
 e - 4 scrolls of fog
 f - a scroll of enchant weapon
 h - 3 scrolls of poison
 l - 4 scrolls of blinking
 o - 3 scrolls of fear
 q - a scroll of magic mapping
 s - 5 scrolls of enchant armour {unknown}
 v - 2 scrolls of torment {unknown}
 y - 3 scrolls of teleportation {unknown}
 C - 2 scrolls of amnesia {unknown}
 M - a scroll of immolation {unknown}
 S - a scroll of acquirement {unknown}
Potions
 a - a potion of experience {unknown}
 b - 7 potions of flight
 c - a potion of ambrosia {unknown}
 g - 4 potions of lignification {unknown}
 i - 12 potions of curing {unknown}
 j - a potion of haste {unknown}
 n - 2 potions of might {unknown}
 r - a potion of invisibility
 t - a potion of cancellation {unknown}
 w - 2 potions of degeneration {unknown}
 B - 2 potions of mutation {unknown}
 F - 4 potions of magic {unknown}
 G - a potion of brilliance {unknown}
 K - 2 potions of heal wounds {unknown}
 O - a potion of resistance {unknown}
 T - 2 potions of berserk rage {unknown}


   Skills:
 + Level 14.5 Fighting
 + Level 14.5 Axes
 + Level 14.2 Armour
 + Level 13.2 Dodging


You had 12 spell levels left.
You didn't know any spells.
Your spell library was empty.

Dungeon Overview and Level Annotations

Branches:
Dungeon (11/15)            Temple (0/1) D:6            Lair (5/5) D:9
  Swamp (0/4) Lair:2        Snake (0/4) Lair:2        Slime (0/5) Lair:5
    Orc: D:9-12

Altars:
Dithmenos
Fedhas
Gozag
Okawaru
Qazlal
Trog
Yredelemnul
Zin

Shops:
D:1 =!*!   D:4 [


Innate Abilities, Weirdness & Mutations

You have a pair of horns on your head.
You reflexively headbutt those who attack you in melee.


Message History

You slice the elephant!! You burn the elephant.
You feel the power of Trog in you as your rage grows.
You kill the elephant!
Trog accepts your kill.
You hit the elephant. You burn the elephant. The wyvern bites you!
* * * LOW HITPOINT WARNING * * *
The elephant tramples you but does no damage.
The elephant trunk-slaps you but does no damage.
You slash the elephant! You burn the elephant.
The elephant is lightly wounded.
You barely miss the wyvern. You hit the elephant. You burn the elephant.
The wyvern misses you.
Unknown command.
You cut the elephant into ribbons!!! You burn the elephant!
You headbutt the elephant.
You kill the elephant!
Trog accepts your kill.
You barely miss the wyvern. You hit the elephant but do no damage.
The elephant barely misses you.
The elephant trunk-slaps you but does no damage.
The wyvern misses you.
You slice the elephant!! You burn the elephant! You headbutt the elephant.
You kill the elephant!
Trog accepts your kill.
You slice the wyvern!! You burn the wyvern. You slice the elephant!!
You burn the elephant.
You kill the elephant!
Trog accepts your kill. The wyvern bites you!
* * * LOW HITPOINT WARNING * * *
You slash the skyshark! You burn the skyshark. You headbutt the skyshark!
The skyshark is heavily wounded.
You slash the wyvern! You burn the wyvern.
You kill the wyvern!
Trog accepts your kill. The skyshark bites you!
* * * LOW HITPOINT WARNING * * *
The skyshark tastes blood and grows stronger!
The skyshark tail-slaps you!
You die...

............#*.,#..#......#*,*,,,
(.§.....$...#*..#.##...#..***,,,,
.§§§........##*#..(....Y.,,*,,,,,
#§§§§........###.....Y..#,.##,***
###§†§.......#....#F8Y8Y#...Y*,8,
*#§§..........#..#..S..$....#,,,,
##§.............#..S<..D#,,+,,<,
#.<............#....F......,,,,
#..........#.†@##.8.8..#..#,,8,
#.........####l†#........*.****
**#........## #FYY..........,,,,
,,#...##.### ##.##....#.#..,,,,
,,..###### #..##.#...#,.,,,,
,,,*,* ##.......##,,,,,, ,,,,**
*...,,.**,,,,,,, ,,,**
*###F,**,*,,,,,, ,,,*
*,,..***,**,,,,


You could see a skyshark (strong), 2 yaks and a cane toad.

Vanquished Creatures
  Josephine (D:10)
  2 hydras
  Erolcha (D:11)
  2 catoblepae
  A boulder beetle (D:8)
  5 death yaks (Lair:5)
  2 bog bodies (Lair:2)
  The ghost of Termiter the Reanimator, a novice DsNe of Nemelex Xobeh (D:8)
  A lindwurm (Lair:5)
  An oklob plant (Lair:3)
  A black mamba (Lair:3)
  20 elephants
  11 cane toads
  A rime drake (Lair:4)
  The ghost of Drakonis1988 the Trooper, a novice GrFi of Okawaru (D:5)
  5 komodo dragons
  A troll (D:9)
  6 hornets (Lair:2)
  4 blink frogs (Lair:3)
  Sigmund (D:2)
  A vampire (D:11)
  25 yaks
  2 shadows
  4 wyverns
  6 wraiths
  3 basilisks
  3 vampire mosquitoes (D:11)
  4 steam dragons
  3 swamp worms (D:8)
  A warg (Lair:5)
  7 water moccasins
  An acid dragon (D:11)
  2 orc warriors
  2 ice beasts (D:5)
  6 black bears
  5 wolves
  3 ogres
  12 centaurs
  8 bullfrogs
  A kobold brigand (D:8)
  A gnoll sergeant (D:9)
  5 wights (D:10)
  14 killer bees
  5 howler monkeys
  4 hounds
  6 jellies
  6 orc priests
  2 sleepcaps
  6 iguanas
  10 orc wizards
  Robin (D:3)
  9 gnolls
  4 adders
  A shadow imp (D:7)
  A white imp (D:7)
  2 ufetubi
  A worm (D:4)
  6 dart slugs
  19 orcs
  5 ball pythons
  5 endoplasms
  5 giant cockroaches
  6 hobgoblins
  3 jackals (D:1)
  15 kobolds
  3 quokkas
  5 bats
  3 frilled lizards
  19 goblins
  6 rats
  14 bushes (Lair:3)
359 creatures vanquished.

Vanquished Creatures (others)
  8 fungi
  46 plants
54 creatures vanquished.

Grand Total: 413 creatures vanquished

Notes
Turn   | Place    | Note
-------+----------+-------------------------------------------
     0 | D:1      | LLlMATKO the Minotaur Berserker began the quest for the
                  | Orb.
     0 | D:1      | Reached XP level 1. HP: 19/19 MP: 0/0
    50 | D:1      | Found Wuc Wett's General Store.
   146 | D:1      | Reached XP level 2. HP: 21/27 MP: 1/1
   224 | D:1      | Found Inahius's Distillery.
   448 | D:1      | Found Ocraanke's Jewellery Shoppe.
   555 | D:1      | Found Muazoas's Distillery.
   606 | D:1      | Reached ** piety under Trog
   615 | D:1      | Reached XP level 3. HP: 33/33 MP: 2/2
  1004 | D:2      | Noticed Sigmund
  1011 | D:2      | Killed Sigmund
  1012 | D:2      | Reached XP level 4. HP: 41/41 MP: 3/3
  1012 | D:2      | Reached XP level 5. HP: 47/47 MP: 4/4
  1088 | D:2      | Reached skill level 5 in Fighting
  1088 | D:2      | Reached skill level 5 in Axes
  1755 | D:3      | Found a bloodstained altar of Trog.
  1755 | D:3      | Found a blossoming altar of Fedhas.
  1762 | D:3      | Found a shadowy altar of Dithmenos.
  1764 | D:3      | Found a basalt altar of Yredelemnul.
  1766 | D:3      | Found an iron altar of Okawaru.
  1862 | D:3      | Reached XP level 6. HP: 56/56 MP: 5/5
  2097 | D:3      | Noticed Robin
  2133 | D:3      | Killed Robin
  2726 | D:4      | Found Kaxzeus's Antique Armour Shop.
  2839 | D:4      | Reached *** piety under Trog
  3231 | D:4      | Identified the +2 whip of the Imperium {pain, Fly rN+
                  | Str-3}
  3303 | D:5      | Entered Level 5 of the Dungeon
  3340 | D:5      | Noticed an ice beast
  3350 | D:5      | Reached XP level 7. HP: 62/62 MP: 6/6
  3352 | D:5      | Reached skill level 5 in Armour
  3392 | D:5      | Found a transporter.
  3393 | D:5      | Noticed Drakonis1988's ghost (novice GrFi)
  3407 | D:5      | Reached skill level 5 in Dodging
  3713 | D:5      | Identified the +0 ring mail of Omission {Drain Will+ Dex+3}
  3928 | D:5      | Found a transporter.
  3954 | D:5      | Killed Drakonis1988's ghost
  3955 | D:5      | Reached XP level 8. HP: 73/73 MP: 7/7
  4638 | D:6      | You fall into a shaft and drop 1 floor!
  4950 | D:6      | Found a staircase to the Ecumenical Temple.
  5188 | D:6      | Reached XP level 9. HP: 50/81 MP: 8/8
  5923 | D:7      | Reached **** piety under Trog
  7211 | D:8      | Noticed a boulder beetle
  7239 | D:8      | Killed a boulder beetle
  7450 | D:8      | Found a runed translucent door.
  7450 | D:8      | Noticed Termiter's ghost (novice DsNe)
  7558 | D:8      | Reached XP level 10. HP: 91/91 MP: 9/9
  8505 | D:8      | Killed Termiter's ghost
  8861 | D:9      | Reached skill level 10 in Fighting
  8962 | D:9      | Reached skill level 10 in Axes
  8969 | D:9      | Noticed an elephant
  8987 | D:9      | Killed an elephant
  9183 | D:9      | Found an opulent altar of Gozag.
  9253 | D:9      | Found a glowing silver altar of Zin.
  9256 | D:9      | Reached skill level 10 in Armour
  9418 | D:9      | Found a staircase to the Lair.
 10285 | D:10     | Entered Level 10 of the Dungeon
 10302 | D:9      | Reached XP level 11. HP: 76/101 MP: 10/10
 10508 | D:10     | Noticed Josephine
 10517 | D:10     | Killed Josephine
 10823 | D:10     | Reached skill level 10 in Dodging
 10945 | D:10     | Reached ***** piety under Trog
 11158 | D:10     | Found a stormy altar of Qazlal.
 12058 | D:11     | Noticed Erolcha
 12066 | D:11     | Killed Erolcha
 12188 | D:11     | Identified the +0 ring mail of Tacsepo {Fly SInv}
 12803 | Lair:1   | Entered Level 1 of the Lair of Beasts
 13985 | Lair:2   | Reached XP level 12. HP: 113/113 MP: 11/11
 14169 | Lair:2   | Found a staircase to the Snake Pit.
 14204 | Lair:2   | Noticed a catoblepas
 14213 | Lair:2   | Killed a catoblepas
 14422 | Lair:2   | Paralysed by a hornet for 1 turns
 14429 | Lair:2   | Paralysed by a hornet for 1 turns
 14430 | Lair:2   | Received a gift from Trog
 14795 | Lair:2   | Found a staircase to the Swamp.
 15387 | Lair:3   | Noticed a five-headed hydra
 15395 | Lair:3   | Killed a one-headed hydra
 15443 | Lair:3   | Noticed a catoblepas
 15463 | Lair:3   | Killed a catoblepas
 16225 | Lair:3   | Found an iron altar of Okawaru.
 16907 | Lair:4   | Reached XP level 13. HP: 91/123 MP: 12/12
 17485 | Lair:5   | Entered Level 5 of the Lair of Beasts
 17672 | Lair:5   | Slain by a skyshark

Illustrated notes

Levels and vault maps discovered:
D:1:      amcnicky_arrival_choice, layout_basic, serial_shops,
          nicolae_shop_hallway_stairs, shop, shop, shop
D:2:      layout_basic, uniq_sigmund
D:3:      layout_basic, chequers_temple_overflow_minitemple, uniq_robin
D:4:      layout_cave_pods, serial_shops, nicolae_stop_n_shop_2
D:5:      layout_cave_pools, gammafunk_ghost_smash
D:6:      layout_loops_corners, minmay_temple_entry_hall
D:7:      layout_basic
D:8:      layout_loops_corners, hellmonk_ghost_happy_afterlife, worms_lemuel
D:9:      layout_cave_pods, pdpol_temple_overflow_zin_treasury_gozag_greed,
          david_lair_generic, serial_rivers, chequers_serial_rivers_small_a,
          chequers_serial_rivers_micro_a, chequers_serial_rivers_small_3,
          chequers_serial_rivers_room_b, chequers_serial_rivers_large_b
D:10:     layout_basic, nicolae_qazlal_general_emergency, uniq_josephine
D:11:     layout_cave_pods, grunt_ministairs_1, uniq_erolcha
Lair:1:   layout_misc_corridors, grunt_megastairs_3
Lair:2:   layout_gridlike, skrybe_swamp_entry_bodies, dummy_snake_entry,
          dreamdust_wasp_nest
Lair:3:   layout_cave_pods, minmay_hedge_maze, lemuel_oklob_altar,
          serial_bayou_shore_a
Lair:4:   layout_misc_corridors
Lair:5:   hangedman_lair_caniforms_friends, layout_cave_pods,
          guppyfry_lair_end_dragon, slime_entry_1, grunt_megastairs_2,
          uniq_rupert

Skill      XL: |  1  2  3  4  5  6  7  8  9 10 11 12 13 |
---------------+----------------------------------------+-----
Fighting       | 4 5 7 8 9 10 12 13 14 | 14.5
Axes           | 4 5 6 8 9 10 12 13 14 | 14.5
Armour         | 3 4 6 7 8 10 12 13 14 | 14.2
Dodging        | 3 4 5 6 8 9 11 12 13 | 13.2

Action                     |  1- 3 |  4- 6 |  7- 9 | 10-12 | 13-15 || total
---------------------------+-------+-------+-------+-------+-------++-------
  Melee: Hand axe          |    64 |   133 |   285 |   313 |       ||   795
         Headbutt          |     8 |    17 |    63 |   101 |    24 ||   213
         Punch             |       |     3 |     6 |     4 |       ||    13
         Executioner's axe |       |       |       |   128 |    71 ||   199
  Throw: Dart              |       |       |       |    18 |     8 ||    26
 Invoke: Berserk           |     1 |     2 |     7 |    15 |     2 ||    27
         Trog's Hand       |       |       |     1 |     1 |       ||     2
         Brothers in Arms  |       |       |       |     1 |       ||     1
  Evoke: Wand              |       |       |     2 |       |       ||     2
    Use: Scroll            |       |       |       |       |     7 ||     7
   Stab: Sleeping          |     3 |       |       |       |       ||     3
 Armour: Animal skin       |     8 |       |       |       |       ||     8
         Ring mail         |     4 |       |       |       |       ||     4
         Chain mail        |       |    79 |    47 |       |       ||   126
         Plate armour      |       |       |   116 |   311 |    67 ||   494
  Dodge: Dodged            |    47 |    55 |   127 |   289 |    56 ||   574
         Repelled          |       |     2 |       |     1 |       ||     3
